Map: Emerald City LE

Players

JunKai

  • Race: Protoss Protoss
  • Spawn Location: 11:00

Kilaa

  • Race: Zerg Zerg
  • Spawn Location: 11:00

qqq

  • Race: Zerg Zerg
  • League: Platinum
  • Spawn Location: 5:00

Massa

  • Race: Terran Terran
  • League: Platinum
  • Spawn Location: 5:00

VOD

Have the link to the VOD?

Description

Time

  • Played on: Dec. 4, 2020, 4:36 p.m.
  • Length: 14:22
Show
View Real Time Build Order
Export as new Build Order

JunKai Protoss 

Build Orders:  

Get SALT Encoding   

  12  0:00  Probe  
  13  0:12  Probe  
  14  0:18  Pylon  
  14  0:24  Probe  
  15  0:36  Probe (Chrono Boost)  
  15  0:39  Gateway  
  16  0:49  Probe (Chrono Boost), Assimilator  
  17  0:55  Probe (Chrono Boost)  
  18  0:59  Assimilator  
  18  1:06  Probe  
  19  1:14  Pylon  
  19  1:18  Probe (Chrono Boost)  
  20  1:28  Probe (Chrono Boost)  
  20  1:29  Cybernetics Core  
  21  1:35  Probe  
  22  1:47  Probe  
  23  2:00  Probe  
  24  2:06  Stargate  
  24  2:18  Nexus  
  24  2:19  Probe  
  25  2:26  Assimilator  
  25  2:35  Pylon  
  25  2:40  Void Ray (Chrono Boost)  
  29  2:56  Probe  
  30  2:58  Stalker  
  32  3:10  Void Ray  
  32  3:13  Probe  
  37  3:25  Probe  
  38  3:31  Pylon  
  38  3:44  Probe x2  
  38  3:47  Void Ray  
  40  3:54  Stargate  
  44  3:59  Pylon  
  44  4:00  Probe  
  45  4:04  Probe  
  46  4:14  Probe  
  47  4:24  Probe  
  47  4:26  Probe  
  47  4:29  Assimilator  
  53  4:32  Void Ray x2 (Chrono Boost)  
  53  4:36  Probe  
  58  4:53  Protoss Air Weapons Level 1 (Chrono Boost)  
  58  5:02  Probe x2, Void Ray  
  60  5:08  Pylon  
  64  5:14  Probe  
  64  5:15  Stargate  
  64  5:20  Void Ray  
  60  6:09  Probe x2  
  62  6:21  Probe  
  61  6:33  Probe  
  61  6:39  Void Ray x2  
  62  6:40  Void Ray  
  62  6:45  Probe  
  75  6:57  Probe  
  76  7:03  Probe  
  77  7:12  Probe (Chrono Boost)  
  78  7:22  Nexus  
  78  7:24  Pylon  
  78  7:26  Pylon x2  
  78  7:27  Assimilator  
  78  7:28  Assimilator  
  78  7:29  Forge  
  78  7:33  Void Ray (Chrono Boost)  
  78  7:39  Fleet Beacon  
  78  7:42  Probe x2  
  84  7:54  Probe x2  
  84  7:55  Pylon  
  86  7:59  Pylon  
  86  8:05  Void Ray  
  86  8:06  Probe x2, Photon Cannon  
  86  8:11  Pylon  
  92  8:18  Probe x2  
  94  8:26  Void Ray x2  
  94  8:30  Probe  
  94  8:34  Probe x2  
  105  8:42  Probe  
  105  8:46  Probe x2  
  95  9:35  Probe  
  95  9:36  Void Ray x3  
  96  9:39  Nexus  
  108  10:13  Probe, Flux Vanes  
  108  10:14  Probe  
  110  10:24  Cybernetics Core  
  110  10:33  Pylon  
  110  10:34  Pylon, Protoss Air Weapons Level 2 (Chrono Boost)  
  110  10:47  Pylon  
  110  10:51  Probe x2, Carrier x3  
  130  11:03  Probe x2, Stargate  
  132  11:04  Pylon  
  132  11:06  Stargate  
  132  11:09  Pylon  
  132  11:15  Probe x2  
  134  11:18  Protoss Air Armor Level 1 (Chrono Boost)  
  128  11:46  Assimilator  
  127  11:48  Pylon  
  127  11:50  Pylon, Assimilator  
  102  12:27  Fleet Beacon  
  102  12:46  Nexus  
  127  13:45  Probe x2  
  129  13:57  Probe x2  
  131  14:09  Probe x2  
Show
View Real Time Build Order
Export as new Build Order

Kilaa Zerg 

Build Orders: Hatch First, Lurkers 

Get SALT Encoding   

  12  0:02  Drone  
  13  0:13  Overlord  
  13  0:18  Drone  
  14  0:33  Drone  
  15  0:38  Drone x2  
  17  0:57  Hatchery  
  17  1:01  Drone  
  17  1:04  Extractor  
  16  1:06  Drone  
  17  1:28  Spawning Pool  
  17  1:31  Drone  
  17  1:39  Overlord  
  17  1:44  Drone  
  18  2:14  Queen  
  18  2:15  Metabolic Boost, Queen  
  20  2:20  Zergling x2  
  23  2:23  Zergling x2  
  23  2:28  Drone  
  25  2:31  Zergling x2  
  25  2:35  Drone  
  27  2:48  Zergling x6  
  27  2:49  Zergling x2  
  30  3:00  Zergling x4  
  32  3:08  Drone  
  32  3:09  Drone  
  34  3:13  Overlord  
  34  3:22  Lair  
  34  3:24  Drone x2  
  36  3:35  Drone  
  37  3:55  Drone x3  
  39  3:56  Drone x2  
  39  4:00  Extractor  
  41  4:03  Hatchery, Evolution Chamber  
  41  4:05  Drone  
  40  4:12  Overlord  
  40  4:15  Drone x2  
  42  4:29  Zergling x2, Overlord  
  42  4:33  Zerg Ground Armor Level 1  
  42  4:37  Hydralisk Den  
  41  4:41  Zergling x4  
  41  4:42  Zergling x2  
  44  4:49  Drone x2  
  44  4:50  Drone  
  47  4:54  Overseer  
  47  4:58  Drone x2  
  47  4:59  Drone  
  50  5:07  Hydralisk x2  
  50  5:11  Extractor  
  50  5:13  Muscular Augments  
  53  5:17  Drone x2  
  55  5:22  Queen  
  57  5:29  Drone  
  57  5:30  Drone x2  
  57  5:35  Zergling x6  
  52  5:36  Zergling x2  
  51  5:46  Zergling x4  
  51  5:47  Zergling x4  
  50  6:07  Drone x2  
  50  6:08  Drone x7  
  59  6:18  Hydralisk x2  
  59  6:22  Overseer  
  59  6:23  Hydralisk  
  65  6:38  Overlord x2  
  65  6:41  Zerg Missile Weapons Level 1  
  65  6:42  Overlord  
  65  6:43  Extractor  
  64  6:47  Spore Crawler  
  64  6:51  Lurker Den  
  64  6:52  Drone x2  
  64  6:53  Grooved Spines  
  65  6:58  Hydralisk x2  
  69  7:03  Overseer  
  65  7:15  Hydralisk  
  65  7:16  Hydralisk x2  
  71  7:28  Hydralisk x2  
  75  7:30  Overlord x3  
  75  7:32  Extractor  
  75  7:34  Extractor  
  73  7:47  Drone x4, Evolution Chamber  
  73  7:48  Drone, Hatchery, Overlord  
  73  7:49  Hydralisk x4  
  84  8:02  Drone x3  
  84  8:03  Drone x3  
  90  8:08  Drone x4  
  94  8:13  Zerg Ground Armor Level 2  
  94  8:18  Drone x3  
  97  8:21  Lurker x2  
  99  8:39  Hydralisk x4  
  99  8:40  Hydralisk x2  
  101  8:57  Hydralisk x5  
  101  8:59  Hydralisk  
  110  9:13  Hydralisk x4  
  110  9:14  Hydralisk  
  120  9:41  Zerg Missile Weapons Level 2  
  120  9:42  Infestation Pit  
  120  9:44  Overlord x4  
  119  10:01  Queen, Overlord x2  
  121  10:08  Hydralisk  
  121  10:09  Hydralisk x11  
  137  10:46  Hydralisk x8  
  137  10:47  Hydralisk x3  
  159  10:55  Hive  
  159  10:58  Drone  
  159  10:59  Overlord x3  
  159  11:03  Overseer  
  160  11:06  Overlord x2  
  158  11:34  Hydralisk  
  158  11:35  Hydralisk x10  
  158  11:36  Hydralisk  
  127  12:20  Overseer  
  127  12:22  Overlord x2  
  122  12:23  Overlord x2  
  111  12:35  Queen  
  103  12:37  Queen  
  103  12:40  Drone  
  103  12:41  Drone x3  
  99  12:46  Hydralisk  
  99  12:47  Hydralisk x5  
  97  12:56  Hydralisk x2  
  101  13:02  Hydralisk  
  103  13:09  Hydralisk x3  
  109  13:18  Hydralisk x4  
  109  13:19  Hydralisk  
  107  13:24  Hydralisk  
  99  13:30  Hydralisk x3  
  91  13:38  Lurker x3  
  92  13:49  Hydralisk x3  
  80  14:03  Hatchery  
Show
View Real Time Build Order
Export as new Build Order

qqq Zerg 

Build Orders: Hatch First, Lurkers 

Get SALT Encoding   

  12  0:00  Drone  
  13  0:08  Drone  
  14  0:28  Overlord  
  14  0:56  Drone  
  15  0:57  Drone  
  15  0:58  Hatchery, Drone  
  16  1:08  Drone  
  16  1:21  Spawning Pool  
  15  1:29  Drone x2  
  15  1:32  Extractor  
  16  1:40  Drone  
  17  1:56  Drone  
  18  2:15  Drone, Queen  
  19  2:16  Queen  
  19  2:18  Overlord  
  19  2:19  Drone  
  24  2:26  Zergling x2  
  25  2:30  Drone  
  25  2:36  Drone  
  25  2:37  Spine Crawler  
  26  2:39  Zergling x2  
  27  2:45  Metabolic Boost  
  27  2:50  Zergling x2  
  28  2:52  Drone  
  29  3:01  Baneling Nest  
  29  3:02  Zergling x2  
  29  3:04  Drone  
  30  3:12  Zergling x2  
  31  3:13  Drone  
  32  3:26  Overlord  
  32  3:28  Drone x2  
  32  3:29  Zergling x4  
  36  3:43  Lair  
  36  3:46  Baneling  
  36  3:49  Overlord x3  
  36  3:51  Baneling  
  36  3:59  Spine Crawler  
  36  4:00  Drone  
  36  4:02  Overlord  
  36  4:11  Drone x4  
  36  4:13  Zergling x2  
  36  4:16  Baneling x2  
  41  4:18  Baneling  
  41  4:29  Zergling x2  
  41  4:30  Drone x3  
  45  4:43  Queen  
  47  4:49  Drone x3, Extractor  
  47  4:50  Drone  
  50  4:52  Hatchery  
  50  4:55  Drone x3  
  50  4:58  Baneling x3  
  52  5:04  Drone  
  52  5:06  Drone, Overlord  
  54  5:15  Drone  
  54  5:16  Drone x2, Extractor x2  
  54  5:17  Drone  
  54  5:18  Zergling x6  
  59  5:28  Queen  
  58  5:51  Drone x5  
  58  5:55  Hydralisk Den  
  62  5:57  Spore Crawler x3  
  62  5:58  Drone x4  
  62  5:59  Drone  
  58  6:10  Overlord x3  
  58  6:12  Drone x2  
  58  6:13  Queen  
  62  6:37  Hatchery  
  61  6:40  Spore Crawler  
  61  6:41  Spore Crawler  
  61  6:45  Hydralisk x6  
  71  6:47  Spore Crawler  
  71  6:48  Muscular Augments  
  71  6:51  Evolution Chamber  
  71  6:52  Evolution Chamber  
  68  6:58  Hydralisk x2  
  72  7:09  Baneling x6  
  72  7:13  Hydralisk x2  
  76  7:16  Drone x3  
  76  7:21  Spine Crawler  
  78  7:27  Queen  
  78  7:29  Hydralisk x3  
  80  7:30  Hydralisk  
  80  7:33  Zerg Missile Weapons Level 1  
  88  7:40  Spore Crawler  
  88  7:43  Spine Crawler  
  86  7:45  Spine Crawler  
  86  7:48  Drone  
  86  7:49  Zergling x2  
  86  7:50  Drone x2  
  86  7:51  Drone x2, Lurker Den  
  90  7:59  Grooved Spines  
  90  8:02  Drone  
  91  8:09  Drone  
  91  8:12  Spore Crawler  
  91  8:13  Spore Crawler  
  91  8:14  Zerg Ground Armor Level 1  
  91  8:15  Spore Crawler  
  91  8:16  Spore Crawler  
  88  8:22  Hydralisk x2, Infestation Pit  
  88  8:23  Hydralisk x2  
  92  8:46  Hydralisk x3  
  92  8:47  Hydralisk x2  
  75  9:12  Hydralisk x5  
  75  9:14  Drone x5  
  75  9:15  Drone  
  75  9:16  Extractor  
  84  9:18  Extractor  
  83  9:28  Hive  
  83  9:29  Hydralisk  
  83  9:31  Drone x2  
  83  9:36  Spore Crawler  
  83  9:37  Spore Crawler x2  
  80  9:38  Spore Crawler  
  80  9:41  Zergling x2  
  80  9:42  Zergling x6  
  80  9:43  Centrifical Hooks  
  83  9:46  Zergling x2  
  84  10:03  Spore Crawler  
  84  10:05  Hydralisk x2  
  84  10:06  Hydralisk, Spore Crawler  
  88  10:07  Spine Crawler  
  88  10:08  Baneling x5  
  88  10:09  Spine Crawler  
  88  10:10  Baneling  
  88  10:11  Baneling  
  86  10:41  Overseer  
  86  10:42  Overseer  
  86  10:44  Seismic Spines  
  86  10:47  Lurker  
  87  10:55  Hatchery  
  86  11:01  Lurker x2  
  88  11:05  Drone x3  
  91  11:11  Hydralisk  
  91  11:12  Hydralisk  
  91  11:17  Baneling x2  
  91  11:18  Baneling  
  95  11:19  Zergling x8  
  95  11:20  Drone  
  95  11:22  Extractor x2  
  73  11:45  Hydralisk  
  73  11:46  Hydralisk x2  
  56  12:31  Hydralisk x3  
  56  12:32  Drone  
  56  12:33  Drone x2  
  40  12:55  Hatchery  
  40  12:57  Drone x2, Hatchery  
  40  12:58  Queen  
  42  13:06  Lurker x5  
  42  13:10  Hatchery, Drone  
  47  13:21  Hydralisk x2  
  47  13:26  Drone  
  48  13:38  Overlord  
Show
View Real Time Build Order
Export as new Build Order

Massa Terran 

Build Orders: 2 Factory, Gas First Reaper Expand 

Get SALT Encoding   

  12  0:00  SCV  
  13  0:12  SCV  
  14  0:21  Supply Depot  
  14  0:24  SCV  
  15  0:33  Refinery  
  15  0:43  SCV  
  15  0:44  Barracks  
  16  0:55  SCV  
  17  1:07  SCV  
  18  1:19  SCV  
  19  1:31  Reaper  
  20  1:33  Orbital Command  
  20  1:49  Command Center  
  20  1:59  SCV  
  21  2:05  Marine  
  22  2:11  Supply Depot  
  22  2:18  SCV  
  23  2:23  Refinery  
  23  2:28  Factory  
  23  2:32  Factory  
  23  2:38  SCV  
  23  2:40  Barracks Tech Lab  
  24  3:09  Orbital Command  
  24  3:10  SCV  
  24  3:11  Barracks Reactor  
  25  3:20  Hellion x2  
  25  3:22  SCV  
  25  3:24  Infernal Pre-Igniter  
  30  3:34  SCV  
  31  3:45  Hellion  
  31  3:46  SCV  
  33  3:56  SCV, Barracks Tech Lab  
  33  3:58  SCV  
  35  4:02  Supply Depot  
  35  4:08  SCV, Command Center  
  36  4:13  Barracks  
  36  4:15  Barracks  
  36  4:16  Barracks  
  36  4:19  Hellion  
  36  4:21  Hellion  
  40  4:25  Hellion  
  42  4:38  SCV  
  43  4:40  SCV  
  43  4:41  Hellion  
  43  4:42  Hellion  
  48  4:47  Hellion, Engineering Bay  
  48  4:50  SCV  
  51  4:54  Stimpack  
  51  4:55  Marine  
  51  4:58  SCV  
  53  5:02  SCV  
  54  5:13  Supply Depot  
  54  5:16  Supply Depot  
  54  5:19  SCV, Marine  
  54  5:20  Widow Mine x3, Orbital Command  
  62  5:23  Barracks Reactor, Barracks Tech Lab  
  62  5:25  Barracks Reactor  
  62  5:30  Missile Turret  
  56  5:41  Widow Mine x3  
  58  6:02  Widow Mine  
  52  6:08  Widow Mine x2  
  52  6:09  Marine  
  52  6:10  SCV x3  
  60  6:22  SCV x3, Barracks  
  60  6:24  Widow Mine  
  60  6:25  Barracks  
  65  6:27  Marine  
  65  6:29  Widow Mine  
  68  6:34  SCV x2  
  64  6:59  Widow Mine x3  
  70  7:06  Armory  
  70  7:13  Barracks Reactor  
  70  7:14  Marine x2, Supply Depot x2  
  70  7:15  Marauder, Marine x3, Supply Depot  
  71  7:16  Supply Depot  
  71  7:19  Supply Depot  
  71  7:20  Widow Mine  
  71  7:21  Widow Mine  
  71  7:22  Marine  
  77  7:26  Refinery  
  77  7:27  Refinery  
  77  7:29  Command Center  
  78  7:32  Marine x2  
  78  7:33  Marine x3, Missile Turret  
  78  7:36  Marauder  
  85  7:37  SCV  
  85  7:38  SCV  
  85  7:40  Marine  
  88  7:49  Orbital Command, SCV  
  88  7:50  SCV, Marine  
  91  7:58  Starport  
  91  7:59  Barracks Tech Lab  
  91  8:02  SCV x2  
  93  8:06  Missile Turret  
  49  9:11  Widow Mine x2, Thor  
  49  9:14  Marauder  
  49  9:15  Marauder x2, Marine x5  
  49  9:16  Marine  
  71  9:17  SCV x3  
  74  9:29  SCV x3  
  77  9:32  Widow Mine x2  
  77  9:33  Marine x3  
  77  9:35  Marine x3  
  77  9:36  Marauder x3  
  93  9:39  Starport Reactor  
  93  9:41  SCV  
  94  9:46  Supply Depot  
  94  9:50  Marine  
  94  9:51  Marine x2  
  97  9:52  Marine  
  97  9:53  Marine  
  97  9:54  Thor  
  97  9:57  Marauder  
  107  10:09  Marauder x2, Marine x4  
  107  10:10  Marine x2, Supply Depot  
  107  10:12  Combat Shield  
  117  10:18  Marine  
  118  10:27  Marine x4  
  118  10:28  Marine x2  
  122  10:30  Marine x2  
  122  10:31  Command Center  
  122  10:33  Supply Depot  
  126  10:36  Marine  
  126  10:38  Refinery  
  126  10:39  Missile Turret x2  
  126  10:40  Refinery, Thor  
  126  10:41  Widow Mine x2, Missile Turret x2  
  137  10:42  Missile Turret  
  137  10:43  Missile Turret  
  137  10:44  Marine x2  
  137  10:48  Marauder  
  141  10:52  Drilling Claws  
  141  10:55  SCV x3, Marauder, Supply Depot  
  146  11:02  Medivac  
  148  11:05  Missile Turret  
  148  11:07  SCV  
  149  11:16  SCV x2, Medivac  
  149  11:17  Widow Mine x2, Supply Depot  
  157  11:19  Supply Depot  
  157  11:21  Supply Depot  
  157  11:24  Supply Depot  
  157  11:25  Supply Depot  
  157  11:38  SCV x2, Medivac  
  161  11:40  Thor  
  161  11:45  Supply Depot  
  167  11:53  Marauder, Marine  
  167  11:54  Marauder x2, Marine x5  
  168  11:57  Widow Mine  
  150  12:10  Smart Servos  
  150  12:11  Marine  
  150  12:12  Marine  
  150  12:15  Marauder x3  
  110  12:19  Missile Turret  
  110  12:20  Missile Turret  
  110  12:22  Missile Turret  
  108  12:23  Thor  
  108  12:24  Missile Turret  
  108  12:25  Marine x4  
  108  12:29  Marine x2  
  119  12:30  Planetary Fortress  
  119  12:36  Marauder x3, Concussive Shells  
  126  12:42  Marine  
  126  12:43  Marine x3  
  130  12:47  Marine x2  
  130  12:48  SCV x3  
  135  12:57  Marauder, Marine x2  
  139  13:00  SCV x3, Marine  
  139  13:01  Marine x3  
  139  13:05  Marine x2  
  147  13:12  SCV  
  149  13:16  Marauder x2  
  149  13:19  Marauder  
  131  13:38  Marine  
  131  13:39  Marine x8  
  140  13:42  Widow Mine  
  140  13:43  Widow Mine x2  
  146  13:55  Command Center  
  146  13:56  Marine x5  
  146  13:57  Marine x3  
Tags
 
Add a new tag
Caveats
  • Supply blocks, unpowered buildings, or Contaminate may cause inaccurate times.
  • Supply counts are checked every 10 seconds.